AoeStats
← Bandolero

Arabia

508966029Analyzed
1v1 RM · 6d ago on Sep 24, 2026· 41m 40s· 2 players
Game mode
Random Map
Map size
Tiny (2 player)
Population
200
Speed
Normal
Resources
Standard
Victory
Conquest
Starting age
Dark Age
Ending age
Imperial Age
RankedLock teamsTeams togetherTeam positionsShared explorationLock speedFull tech treeHidden civsTurbo modeCheats
Victory
Defeat
🇦🇷 Maya · Argentina
1362
+15
🇹🇼 Huns · Taiwan
1347
-15
羅sai
6:27 Loom
9:25 Feudal Age
9:59 Double-Bit Axe
11:27 Horse Collar
20:10 Castle Age
18:36 Fletching
19:48 Scale Barding Armor
23:03 Bloodlines
23:31 Padded Archer Armor
24:32 Leather Archer Armor
24:52 Bodkin Arrow
25:53 Town Watch
26:58 Husbandry
28:37 Gold Mining
28:52 Heavy Plow
29:36 Bow Saw
35:37 Thumb Ring
37:12 Ballistics
38:02 Stone Mining
Bandolero
0:26 Loom
9:06 Feudal Age
9:35 Double-Bit Axe
16:52 Fletching
22:13 Castle Age
20:15 Gold Mining
21:07 Padded Archer Armor
22:14 Crossbowman
22:51 Bodkin Arrow
26:48 Leather Archer Armor
27:25 Wheelbarrow
28:21 Town Watch
31:42 Horse Collar
33:14 Ballistics
32:49 Stone Mining
38:31 Imperial Age
37:00 Stone Shaft Mining
36:47 Thumb Ring
38:37 Hand Cart
38:52 Bow Saw
38:31 Arbalester
40:22 Chemistry
39:41 Bracer
41:05 Conscription
42:49 Ring Archer Armor
42:19 Scale Mail Armor
42:30 Forging
Connection lost

Rejoining the realm…

Still unreachable

The connection could not be restored.

Session expired

The server has moved on; the page needs a fresh start.